 Dungeon Crawl Stone Soup version 0.23.1 (webtiles) character file.

Game seed: 7643738094270887145

84 Revguard the Slasher (level 4, 0/34 HPs)
             Began as a Demonspawn Gladiator on Mar 10, 2019.
             Succumbed to a kobold's poison
             ... on level 3 of the Dungeon.
             The game lasted 00:05:42 (1725 turns).

Revguard the Slasher (Demonspawn Gladiator)         Turns: 1725, Time: 00:05:43

Health: 0/34       AC:  0    Str: 14    XL:     4   Next: 24%
Magic:  4/4        EV: 16    Int: 10    God:
Gold:   56         SH:  0    Dex: 15    Spells: 3/3 levels left

rFire    . . .     SeeInvis .   (weapon currently unavailable)
rCold    . . .     Gourm    .   (shield currently unavailable)
rNeg     . . .     Faith    .   (armour currently unavailable)
rPois    .         Spirit   .   (helmet currently unavailable)
rElec    .         Reflect  .   (cloak currently unavailable)
rCorr    .         Harm     .   (gloves currently unavailable)
MR       .....                  (boots currently unavailable)
Stlth    +++.......             (no amulet)
HPRegen  0.11/turn              (ring currently unavailable)
MPRegen  0.09/turn              (ring currently unavailable)

@: lethally poisoned (0 -> -4), pig-form (expiring), very quick
A: small, nightstalker 1
a: no special abilities


You were on level 3 of the Dungeon.
You were hungry.
You were a filthy swine.
You visited 1 branch of the dungeon, and saw 3 of its levels.

You collected 56 gold pieces.

Inventory:

Hand Weapons
 a - a +0 long sword (melded)
 g - a +0 dagger
Missiles
 d - 3 throwing nets (quivered)
Armour
 b - a +0 leather armour
 c - a +0 helmet
 e - a cursed +1 leather armour (melded)
 l - a +0 cloak (melded)
Scrolls
 h - a scroll of amnesia {unknown}
 i - a scroll of remove curse {unknown}
 m - a scroll of identify {unknown}
Comestibles
 f - 2 rations


   Skills:
 + Level 2.5 Fighting
 + Level 0.3(2.1) Short Blades
 - Level 3.4 Long Blades
 - Level 1.7 Throwing
 + Level 1.0 Armour
 + Level 3.2 Dodging
 * Level 0.9 Stealth


You had 3 spell levels left.
You didn't know any spells.
Your spell library was empty.

Dungeon Overview and Level Annotations

Branches:
Dungeon (3/15)

Altars:
Elyvilon
Fedhas
Ru

Annotations:
D:3 Ijyb, Jessica, Robin


Innate Abilities, Weirdness & Mutations

((You have a pair of small antennae on your head.))
You are slightly more attuned to the shadows.


Message History

The kobold shoots a poisoned needle.
The poisoned needle misses you.
The kobold shoots a poisoned needle.
The poisoned needle hits you!
You are poisoned.
You see here a poisoned needle.
You feel sick. The goblin hits you with a +0 club.
* * * LOW HITPOINT WARNING * * *
You hit the goblin but do no damage. The goblin closely misses you.
You hit the kobold.
You kill the kobold!
Your Armour skill increases to level 1!
* * * LOW HITPOINT WARNING * * *
You feel sick.
A kobold comes into view. It is wielding a +0 short sword.
The goblin hits you with a +0 club.
* * * LOW HITPOINT WARNING * * *
You see here a +0 blowgun.
The kobold shouts!
You hit the goblin.
The goblin is severely wounded.
You die...

#.†.g#..#
#..g.#..#
#####..# ##.#
..8##..#
...##..##
..._#...##
%..##....##
..8##..#hg# 8##
#..##.#
#############(##
#......gg†# #.(#
#....gw.@# ##.#
......#...gggg#
#....# ...
.$......g##
#K...#
....<.......##
#....#
......#..####
#.(..#


You could see a goblin and a kobold.

Vanquished Creatures
  3 adders (D:2)
  A worm (D:2)
  2 leopard geckos (D:1)
  An orc (D:2)
  6 bats
  5 hobgoblins
  10 jackals
  5 frilled lizards
  6 goblins
  9 kobolds
  2 rats (D:2)
50 creatures vanquished.

Vanquished Creatures (others)
  A quokka (D:2)
  A frilled lizard (D:2)
2 creatures vanquished.

Grand Total: 52 creatures vanquished

Notes
Turn   | Place    | Note
-------+----------+-------------------------------------------
     0 | D:1      | Revguard the Demonspawn Gladiator began the quest for the
                  | Orb.
     0 | D:1      | Reached XP level 1. HP: 16/16 MP: 1/1
   351 | D:1      | Gained mutation: You have a pair of small antennae on your
                  | head. [demonic ancestry]
   351 | D:1      | Reached XP level 2. HP: 22/22 MP: 2/2
   623 | D:2      | Gained mutation: You are slightly more attuned to the
                  | shadows. [demonic ancestry]
   623 | D:2      | Reached XP level 3. HP: 19/27 MP: 3/3
   810 | D:2      | Found a white marble altar of Elyvilon.
  1457 | D:2      | Found a sacrificial altar of Ru.
  1563 | D:2      | Reached XP level 4. HP: 32/34 MP: 4/4
  1685 | D:3      | Noticed Robin
  1685 | D:3      | Noticed Jessica
  1694 | D:3      | Noticed Ijyb
  1699 | D:3      | Found a blossoming altar of Fedhas.
  1723 | D:3      | Reached skill level 1 in Armour
  1723 | D:3      | HP: 1/34 [goblin/+0 club (2)]
  1725 | D:3      | Succumbed to a kobold's poison

Skill      XL: |  1  2  3  4 |
---------------+-------------+-----
Long Blades    | 3 |  3.4
Dodging        | 3 |  3.2
Armour         | 1 |  1.0
Fighting       | |  2.5
Short Blades   | |  0.3
Throwing       | |  1.7
Stealth        | |  0.9

Action                   |  1- 3 |  4- 6 || total
-------------------------+-------+-------++-------
Melee: Long sword        |    82 |     4 ||    86
       Dagger            |    44 |       ||    44
       Unarmed           |       |     9 ||     9
  Use: Scroll            |     2 |     1 ||     3
       Potion            |       |     1 ||     1
 Stab: Sleeping          |     3 |       ||     3
  Eat: Chunk             |     2 |       ||     2
Armor: Leather armour    |    44 |     6 ||    50
Dodge: Dodged            |   122 |    53 ||   175
       Rpst.: Long sword |    27 |    12 ||    39
